 Dungeon Crawl Stone Soup version 0.26.0-45-g9c1d065592 (webtiles) character file.

Game seed: 460222556128192195

697 BOMJPIETVODKU the Slasher (level 7, -5/38 HPs)
             Began as a Vine Stalker Fighter on Jan 28, 2021.
             Was an Initiate of Gozag.
             Slain by a fire elemental (11 damage)
             ... created by the adversity of Qazlal
             ... on level 5 of the Dungeon.
             The game lasted 00:10:43 (2809 turns).

BOMJPIETVODKU the Slasher (Vine Stalker Fighter)    Turns: 2809, Time: 00:10:43

Health: -5/38      AC: 12    Str: 21    XL:     7   Next: 65%
Magic:  0/17       EV:  4    Int:  8    God:    Gozag
Gold:   57         SH:  9    Dex: 13    Spells: 6/6 levels left

rFire    . . .     SeeInvis .   a - +0 long sword
rCold    . . .     Faith    .   c - +0 kite shield
rNeg     . . .     Spirit   +   e - +0 plate armour
rPois    .         Reflect  .   (no helmet)
rElec    .         Harm     .   (no cloak)
rCorr    .         Rampage  .   t - +0 pair of gloves
Will     .....                  (no boots)
Stlth    ..........             (no amulet)
HPRegen  0.52/turn              f - ring of stealth
MPRegen  0.15/turn              i - ring of magical power

@: no status effects
A: fangs 2, regeneration 1, magic shield, antimagic bite, no potion heal 3
a: Renounce Religion, Potion Petition, Call Merchant, Bribe Branch


You were on level 5 of the Dungeon.
You worshipped Gozag.
Gozag was noncommittal.
You visited 1 branch of the dungeon, and saw 5 of its levels.

You collected 323 gold pieces.
You spent 156 gold pieces at shops.
You paid 110 gold pieces to Gozag.

Inventory:

Hand Weapons
 a - a +0 long sword (weapon)
 o - a +4 great sword
Armour
 c - a +0 kite shield (worn)
 e - a +0 plate armour (worn)
 t - a +0 pair of gloves (worn)
Jewellery
 d - an uncursed amulet of faith
 f - a ring of stealth (left hand)
 i - a ring of magical power (right hand)
 s - an uncursed ring of willpower {unknown}
Wands
 u - a wand of random effects (21)
 w - a wand of iceblast (3)
Scrolls
 h - 3 scrolls of teleportation {unknown}
 k - 3 scrolls of remove curse
 l - a scroll of enchant armour {unknown}
 n - 4 scrolls of identify {unknown}
Potions
 b - a potion of heal wounds {unknown}
 g - 3 potions of curing
 j - 2 potions of lignification {unknown}
 m - a potion of brilliance {unknown}
 p - a potion of magic {unknown}
 q - 2 potions of flight {unknown}
 r - a potion of attraction {unknown}
 v - a potion of resistance
 x - a potion of mutation {unknown}


   Skills:
 * Level 4.5 Fighting
 + Level 5.0 Long Blades
 - Level 2.9 Armour
 - Level 1.4 Dodging
 - Level 3.7 Shields
 - Level 2.0 Unarmed Combat


You had 6 spell levels left.
You didn't know any spells.
Your spell library was empty.

Dungeon Overview and Level Annotations

Branches:
Dungeon (5/15)
 Temple: D:4-7

Altars:
Gozag
Nemelex Xobeh
Qazlal
Trog

Shops:
D:4 !


Innate Abilities, Weirdness & Mutations

You have extremely sharp teeth.
Your natural rate of healing is unusually fast.
When hurt, damage is shared between your health and your magic reserves.
Your bite disrupts and absorbs the magic of your enemies.
Potions cannot restore your health.


Message History

You block the ufetubus's attack. The ufetubus hits you.
* * * LOW HITPOINT WARNING * * *
The ufetubus hits you.
* * * LOW HITPOINT WARNING * * *
You block the ufetubus's attack.
The ufetubus hits you but does no damage. x2
The fire elemental hits you. The fire elemental burns you!
* * * LOW HITPOINT WARNING * * *
You block the ufetubus's attack.
The ufetubus hits you but does no damage.
You block the ufetubus's attack. x2
You block the fire elemental's attack. The ufetubus hits you.
The ufetubus hits you but does no damage.
You block the ufetubus's attack.
The ufetubus hits you but does no damage.
You block the fire elemental's attack. You block the ufetubus's attack.
The ufetubus barely misses you. The fire elemental hits you.
The fire elemental burns you!
You die...
Your body crumbles into a pile of gold.

# ##......### #.##.........
..##.......#.#............#.
.................##.........
#.....○.....#........####
#.....○.##.(#..#......###
.....##..°........#...#...##
######....○...........###...
##...5E..........###...
#.....@...##....###....
#................#.....
#...._.....<.....##....
#.................#...#
#....###...............
+..... #.........#.....
#...........#####......
##...##.##### #......
#...#### #......


You could see a fire elemental and an ufetubus.

Vanquished Creatures
  Sigmund (D:2)
  Edmund (D:4)
  A scorpion (D:4)
  A howler monkey (D:4)
  A bullfrog skeleton (D:5)
  An iguana (D:4)
  Ijyb (D:4)
  Terence (D:2)
  Natasha (thrice) (D:2)
  2 worker ants (D:4)
  2 adders (D:2)
  An ufetubus (D:4)
  2 oozes
  An adder skeleton (D:4)
  2 dart slugs (D:2)
  5 leopard geckos
  2 orcs (D:5)
  5 bats
  10 giant cockroaches
  2 goblins (D:2)
  5 hobgoblins
  4 jackals (D:1)
  5 kobolds
  2 quokkas (D:5)
  A frilled lizard (D:1)
  A jackal skeleton (D:4)
  A leopard gecko skeleton (D:4)
  2 quokka skeletons
  7 rats
73 creatures vanquished.

Notes
Turn   | Place    | Note
-------+----------+-------------------------------------------
     0 | D:1      | BOMJPIETVODKU the Vine Stalker Fighter began the quest for
                  | the Orb.
     0 | D:1      | Reached XP level 1. HP: 11/11 MP: 2/2
   117 | D:1      | Reached XP level 2. HP: 11/16 MP: 3/3
   252 | D:1      | Reached skill level 2 in Long Blades
   615 | D:1      | Reached XP level 3. HP: 20/20 MP: 4/4
   723 | D:2      | Found a bloodstained altar of Trog.
   756 | D:2      | Noticed Sigmund
   790 | D:2      | Killed Sigmund
   791 | D:2      | Reached skill level 3 in Long Blades
   791 | D:2      | Reached skill level 1 in Dodging
   791 | D:2      | Reached skill level 1 in Unarmed Combat
   791 | D:2      | Gained mutation: Your natural rate of healing is unusually
                  | fast. [Vine Stalker growth]
   791 | D:2      | Reached XP level 4. HP: 6/24 MP: 5/5
   791 | D:2      | Reached XP level 5. HP: 8/28 MP: 6/6
  1118 | D:2      | Noticed Natasha
  1128 | D:2      | Killed Natasha
  1129 | D:2      | Reached XP level 6. HP: 32/32 MP: 7/7
  1195 | D:2      | Noticed Natasha
  1200 | D:2      | Killed Natasha
  1226 | D:2      | Noticed Terence
  1236 | D:2      | Killed Terence
  1451 | D:2      | Noticed Natasha
  1457 | D:2      | Killed Natasha
  1574 | D:3      | Found a sparkling altar of Nemelex Xobeh.
  1584 | D:3      | You fall into a shaft and drop 1 floor!
  1886 | D:4      | Reached skill level 4 in Long Blades
  1948 | D:4      | Found a stormy altar of Qazlal.
  1954 | D:4      | Became a worshipper of Qazlal Stormbringer
  2111 | D:4      | Reached XP level 7. HP: 37/37 MP: 8/8
  2220 | D:4      | Found Okowucer's Distillery.
  2228 | D:4      | Bought a potion of resistance for 120 gold pieces
  2228 | D:4      | Bought a potion of curing for 36 gold pieces
  2465 | D:5      | Entered Level 5 of the Dungeon
  2465 | D:5      | Noticed Edmund
  2465 | D:5      | Noticed Ijyb
  2537 | D:4      | Killed Edmund
  2597 | D:4      | Killed Ijyb
  2608 | D:5      | Reached skill level 5 in Long Blades
  2638 | D:5      | Found an opulent altar of Gozag.
  2661 | D:5      | Fell from the grace of Qazlal
  2678 | D:5      | Became a worshipper of Gozag Ym Sagoz the Greedy
  2772 | D:5      | Noticed a fire elemental
  2800 | D:5      | HP: 1/38 [fire elemental[the adversity of Qazlal] (9)]
  2809 | D:5      | Slain by a fire elemental

Illustrated notes

Levels and vault maps discovered:
D:1:      minmay_arrival_open_corners, layout_loops_cross,
          chequers_serial_rivers_micro_e
D:2:      layout_loops_cross, nicolae_overflow_crystal_walls,
          minmay_diced_spiral, uniq_natasha, uniq_sigmund, uniq_terence
D:3:      layout_rooms, led_xom_imps, lemuel_crystal_altar
D:4:      layout_basic, lemuel_round_altar, serial_shops, nicolae_shop_stone,
          st_stairs_2
D:5:      layout_cave_pools, grunt_temple_overflow_order_and_chaos_2,
          nicolae_gozag_seed_capital, kennysheep_little_box,
          minmay_temple_entry_wispy, minivault_5, kennysheep_path_1,
          minmay_fractal_squares_5, uniq_pikel, uniq_edmund, uniq_ijyb

Skill      XL: |  1  2  3  4  5  6  7 |
---------------+----------------------+-----
Long Blades    | 2 3 4 5 |  5.0
Fighting       | 3 4 |  4.5
Dodging        | 1 |  1.4
Shields        | 3 |  3.7
Unarmed Combat | 1 2 |  2.0
Armour         | |  2.9

Action                   |  1- 3 |  4- 6 |  7- 9 || total
-------------------------+-------+-------+-------++-------
Melee: Long sword        |    67 |   108 |    90 ||   265
       Bite              |    13 |    29 |    33 ||    75
       Great sword       |       |     2 |       ||     2
Invok: Renounce Religion |       |       |     1 ||     1
  Use: Potion            |     1 |       |       ||     1
       Scroll            |       |     1 |       ||     1
Armor: Plate armour      |    47 |    68 |   115 ||   230
Dodge: Dodged            |     5 |    13 |    25 ||    43
Block: Kite shield       |    46 |    56 |    91 ||   193
       Rpst.: Long sword |       |     3 |     8 ||    11
